 Dungeon Crawl Stone Soup version 0.29.0-15-g675c0067aa (webtiles) character file.

Game seed: 15031607225505158703

2 qw the Sneak (level 1, -4/14 HPs)
             Began as a Gargoyle Delver on Sept 11, 2022.
             Slain by a worm (10 damage)
             ... on level 4 of the Dungeon.
             The game lasted 00:00:02 (65 turns).

qw the Sneak (Gargoyle Delver)                        Turns: 65, Time: 00:00:02

Health: -4/14      AC:  5    Str: 15    XL:     1   Next: 30%
Magic:  1/1        EV: 11    Int: 10    God:
Gold:   0          SH:  0    Dex: 11    Spells: 0/0 levels left

rFire   . . .      SeeInvis .   a - +0 hand axe
rCold   . . .      Faith    .   (no shield)
rNeg    + . .      Spirit   .   b - +0 leather armour
rPois   inf        Reflect  .   (no helmet)
rElec   +          Harm     .   (no cloak)
rCorr   .          Rampage  .   (no gloves)
Will    .....                   (no boots)
Stlth   +++.......              (no amulet)
HPRegen 0.04/turn               (no ring)
MPRegen 0.07/turn               (no ring)

@: attractive
A: sickness immunity, AC +2, negative energy resistance 1, electricity
resistance, torment resistance 1, petrification resistance
a: no special abilities


You were on level 4 of the Dungeon.
You visited 1 branch of the dungeon, and saw 2 of its levels.


Innate Abilities, Weirdness & Mutations

You are immune to sickness and miasma.
Your stone body is resilient. (AC +2)
You are immune to poison.
You resist negative energy. (rN+)
You are resistant to electric shocks. (rElec)
You are resistant to unholy torment.
You are immune to petrification.


   Skills:
 - Level 3.2 Fighting
 + Level 2.0 Axes
 - Level 1.5 Dodging
 - Level 5.4 Stealth


You couldn't memorise any spells.
You didn't know any spells.
Your spell library was empty.

Inventory:

Hand Weapons
 a - a +0 hand axe (weapon)
Armour
 b - a +0 leather armour (worn)
Wands
 g - a wand of digging (3)
Potions
 f - a potion of haste

Dungeon Overview and Level Annotations

Branches:
Dungeon (5/15)
 Temple: D:4-7

Altars:


Message History

You hit the hobgoblin but do no damage.
The hobgoblin is moderately wounded.
You closely miss the kobold. The kobold hits you but does no damage.
The hobgoblin closely misses you.
You barely miss the hobgoblin.
The hobgoblin is moderately wounded.
You hit the kobold.
You kill the kobold!
The hobgoblin misses you. The hobgoblin closely misses you.
You hit the hobgoblin.
You kill the hobgoblin!
Your Axes skill increases to level 2!
You start resting.
A hound comes into view.
The hound is attracted toward you. The hound is attracted toward you.
The hound barks!
You hit the hound.
The hound is moderately wounded.
The hound bites you but does no damage. The hound bites you.
A worm comes into view.
The worm is attracted toward you.
You hit the hound.
The hound is severely wounded.
The hound barely misses you. The hound bites you but does no damage.
The worm is attracted toward you.
You hit the hound but do no damage.
The hound is severely wounded.
You hit the worm but do no damage.
The hound bites you but does no damage. x2; The worm barely misses you.
You hit the hound.
The hound is almost dead.
You hit the worm. The hound closely misses you. The hound barely misses you.
You hit the hound.
You kill the hound!
You hit the worm. The worm bites you!
Ouch! That really hurt!
You die...

..#############
.......>.......
..#####@%######
......w.%......
..######.......
....### ###.#
.# . #


You could see a worm.

Vanquished Creatures
  A hound (D:4)
  A hobgoblin (D:4)
  A kobold (D:4)
3 creatures vanquished.

Notes
Turn   | Place    | Note
-------+----------+-------------------------------------------
     0 | D:5      | qw the Gargoyle Delver began the quest for the Orb.
     0 | D:5      | Reached XP level 1. HP: 14/14 MP: 1/1
     0 | D:5      | 0 ||| qw: Version: 0.1-a-117-gfe26ee0
     0 | D:5      | 0 ||| qw: Game counter: 9888
     0 | D:5      | 0 ||| qw: Always use a shield: true
     0 | D:5      | 0 ||| qw: God list: Okawaru
     0 | D:5      | 0 ||| qw: Allow faded altars: false
     0 | D:5      | 0 ||| qw: Do Orc after D:15 true
     0 | D:5      | 0 ||| qw: Do second Lair branch before Depths: true
     0 | D:5      | 0 ||| qw: Lair rune preference: random
     0 | D:5      | 0 ||| qw: Plans: Normal
     0 | D:5      | 0 ||| PLANNING D:1-11
    37 | D:5      | 37 ||| DRINKING 2 inky potions.
    38 | D:5      | 38 ||| DROPPING scroll of fog.
    39 | D:5      | 39 ||| DROPPING scroll of magic mapping.
    40 | D:5      | 40 ||| DROPPING scroll of fear.
    41 | D:5      | 41 ||| DROPPING potion of attraction.
    59 | D:4      | Noticed a hound
    65 | D:4      | Killed a hound
    65 | D:4      | Slain by a worm

Levels and vault maps discovered:
D:4:      layout_basic
D:5:      layout_gridville, minmay_temple_entry_arrows, enter_ossuary_2,
          minmay_pentangle, uniq_crazy_yiuf_cottage

Skill      XL: |  1 |
---------------+----+-----
Axes           | 2 |  2.0
Fighting       | |  3.2
Dodging        | |  1.5
Stealth        | |  5.4

Action                   || total
-------------------------++-------
Melee: Hand axe          ||    10
  Use: Potion            ||     1
 Stab: Sleeping          ||     2
Armor: Leather armour    ||     6
Dodge: Dodged            ||     8

Table legend:
 A = Non-vault XP
 B = Vault XP
 C = Vault XP percentage of total XP
 D = Non-vault monster count
 E = Vault monster count
 F = Vault count percentage of total count
                 A         B        C        D         E       F
            +---------+---------+-------+---------+---------+-------
      Total |      43 |       0 |   0.0 |       3 |       0 |   0.0
            +---------+---------+-------+---------+---------+-------
        D:4 |      43 |       0 |   0.0 |       3 |       0 |   0.0
            +---------+---------+-------+---------+---------+-------
